APL (24 & UNDER)
BEAVERTON BRONZE SOULS @ MONTGOMERY GREY SOX
09/02/2029
 
TOP OF THE 1ST
Beaverton Bronze Souls batting - Pitching for Montgomery Grey Sox : RHP Ramón Méndez
Pitching: RHP Ramón Méndez
Batting: RHB Pedro Rivera 0-0: Called Strike
0-1: Ball
1-1: SINGLE (Groundball, 4M) (infield hit)
Batting: LHB Alonso Contreras 0-0: Ball
1-0: Ball
2-0: Called Strike
2-1: Foul Ball, location: 2F
2-2: Foul Ball, location: 2F
2-2: Foul Ball, location: 2F
2-2: Fielders Choice at 2nd, 1-4 (Groundball, 15)
Batting: RHB Cameron Irwin 0-0: Foul Ball, location: 2F
0-1: Foul Ball, location: 2F
0-2: SINGLE (Groundball, 56D)
Alonso Contreras to second
Batting: RHB Marshall Gross 0-0: Ball
1-0: Ball
2-0: Foul Ball, location: 2F
2-1: Swinging Strike
2-2: Ball
Wild Pitch!
Alonso Contreras to third
Cameron Irwin to second
3-2: Foul Ball, location: 2F
3-2: Ground out 4-3 (Groundball, 4M)
Alonso Contreras scores
Cameron Irwin to third
Batting: RHB Armando García 0-0: Ball
1-0: Swinging Strike
1-1: Ball
2-1: Foul Ball, location: 2F
2-2: Strikes out looking
Top of the 1st over - 1 run, 2 hits, 0 errors, 1 left on base; Beaverton 1 - Montgomery 0
BOTTOM OF THE 1ST
Montgomery Grey Sox batting - Pitching for Beaverton Bronze Souls : RHP Wilson Díaz
Pitching: RHP Wilson Díaz
Batting: LHB Salvador López 0-0: Called Strike
0-1: Foul Ball, location: 2F
0-2: Ball
1-2: Ball
2-2: Fly out, F8 (Flyball, 8RD)
Batting: LHB Amlak Saitoti 0-0: Swinging Strike
0-1: Ball
1-1: Ball
2-1: Ball
3-1: Called Strike
3-2: Base on Balls
Batting: RHB Pedro Castro 0-0: Foul Ball, location: 2F
0-1: Swinging Strike
0-2: Foul Ball, location: 2F
0-2: Ball
1-2: Strikes out swinging
Amlak Saitoti is caught stealing 2nd base
Batter strikes out.
Bottom of the 1st over - 0 runs, 0 hits, 0 errors, 0 left on base; Beaverton 1 - Montgomery 0
TOP OF THE 2ND
Beaverton Bronze Souls batting - Pitching for Montgomery Grey Sox : RHP Ramón Méndez
Batting: RHB Vernon Harris 0-0: Ball
1-0: Foul Ball, location: 2F
1-1: Foul Ball, location: 2F
1-2: Foul Ball, location: 2F
1-2: Ball
2-2: Ball
3-2: Foul Ball, location: 2F
3-2: Fly out, F5 (Line Drive, 5S)
Batting: RHB Dan Cross 0-0: Ball
1-0: Swinging Strike
1-1: Called Strike
1-2: Foul Ball, location: 2F
1-2: Foul Ball, location: 2F
1-2: Strikes out swinging
Batting: RHB Salvador Castro 0-0: Ball
1-0: Swinging Strike
1-1: Swinging Strike
1-2: Ball
2-2: Strikes out swinging
Top of the 2nd over - 0 runs, 0 hits, 0 errors, 0 left on base; Beaverton 1 - Montgomery 0
BOTTOM OF THE 2ND
Montgomery Grey Sox batting - Pitching for Beaverton Bronze Souls : RHP Wilson Díaz
Batting: RHB Glen MacDonald 0-0: Swinging Strike
0-1: Foul Ball, location: 2F
0-2: Foul Ball, location: 2F
0-2: Ball
1-2: Ball
2-2: DOUBLE (Flyball, 8LD)
Batting: LHB Aaron Thompson 0-0: Called Strike
0-1: Ball
1-1: Ball
2-1: Ball
3-1: Ground out 6-3 (Groundball, 56)
Batting: LHB Francisco Romo 0-0: Called Strike
0-1: Ball
1-1: Ball
2-1: Ball
3-1: Base on Balls
Batting: RHB Roy Powell 0-0: Foul Ball, location: 2F
0-1: Fly out, F9 (Flyball, 89M)
Batting: RHB Luis Pineda 0-0: Fly out, F8 (Flyball, 8LD)
Bottom of the 2nd over - 0 runs, 1 hit, 0 errors, 2 left on base; Beaverton 1 - Montgomery 0
TOP OF THE 3RD
Beaverton Bronze Souls batting - Pitching for Montgomery Grey Sox : RHP Ramón Méndez
Batting: RHB Robbie Barnes 0-0: Ball
1-0: Ball
2-0: Called Strike
2-1: Ball
3-1: Base on Balls
Batting: RHB Pedro Rivera 0-0: Swinging Strike
0-1: Ball
1-1: Ball
2-1: Foul Ball, location: 2F
2-2: Foul Ball, location: 2F
2-2: Strikes out swinging
Batting: LHB Alonso Contreras 0-0: Ball
Robbie Barnes steals 2nd base
1-0: Called Strike
1-1: Ground out 4-3 (Groundball, 4)
Robbie Barnes to third
Batting: RHB Cameron Irwin 0-0: Ball
1-0: Ball
2-0: Ground out 5-3 (Groundball, 56)
Top of the 3rd over - 0 runs, 0 hits, 0 errors, 1 left on base; Beaverton 1 - Montgomery 0
BOTTOM OF THE 3RD
Montgomery Grey Sox batting - Pitching for Beaverton Bronze Souls : RHP Wilson Díaz
Batting: RHB António Nevárez 0-0: Ball
1-0: Foul Ball, location: 2F
1-1: Swinging Strike
1-2: Strikes out swinging
Batting: LHB Salvador López 0-0: Called Strike
0-1: Fly out, F9 (Flyball, 9S)
Batting: LHB Amlak Saitoti 0-0: Ground out U3 (Groundball, 3)
Bottom of the 3rd over - 0 runs, 0 hits, 0 errors, 0 left on base; Beaverton 1 - Montgomery 0
TOP OF THE 4TH
Beaverton Bronze Souls batting - Pitching for Montgomery Grey Sox : RHP Ramón Méndez
Batting: RHB Marshall Gross 0-0: Called Strike
0-1: Ball
1-1: Ground out 5-3 (Groundball, 56)
Batting: RHB Armando García 0-0: Fly out, F7 (Flyball, 7LS)
Batting: RHB Vernon Harris 0-0: Called Strike
0-1: Ball
1-1: Called Strike
1-2: Strikes out swinging
Top of the 4th over - 0 runs, 0 hits, 0 errors, 0 left on base; Beaverton 1 - Montgomery 0
BOTTOM OF THE 4TH
Montgomery Grey Sox batting - Pitching for Beaverton Bronze Souls : RHP Wilson Díaz
Batting: RHB Pedro Castro 0-0: Ground out 6-3 (Groundball, 6)
Batting: RHB Glen MacDonald 0-0: Called Strike
0-1: Ball
1-1: Ball
2-1: Ball
3-1: Called Strike
3-2: Ground out 3-1 (Groundball, 34S)
Batting: LHB Aaron Thompson 0-0: Ball
1-0: Ball
2-0: Ball
3-0: Base on Balls
Batting: LHB Francisco Romo 0-0: Called Strike
0-1: Ball
Aaron Thompson is caught stealing 2nd base
Bottom of the 4th over - 0 runs, 0 hits, 0 errors, 0 left on base; Beaverton 1 - Montgomery 0
TOP OF THE 5TH
Beaverton Bronze Souls batting - Pitching for Montgomery Grey Sox : RHP Ramón Méndez
Batting: RHB Dan Cross 0-0: Fly out, F8 (Flyball, 8RD)
Batting: RHB Salvador Castro 0-0: Ball
1-0: Fly out, F6 (Line Drive, 6)
Batting: RHB Robbie Barnes 0-0: Ball
1-0: Ball
2-0: Called Strike
2-1: Fly out, F8 (Flyball, 8LS)
Top of the 5th over - 0 runs, 0 hits, 0 errors, 0 left on base; Beaverton 1 - Montgomery 0
BOTTOM OF THE 5TH
Montgomery Grey Sox batting - Pitching for Beaverton Bronze Souls : RHP Wilson Díaz
Batting: LHB Francisco Romo 0-0: Ball
1-0: Foul Ball, location: 2F
1-1: Foul Ball, location: 2F
1-2: SINGLE (Groundball, 34D)
Batting: RHB Roy Powell 0-0: Ball
1-0: Ball
2-0: Foul Ball, location: 2F
2-1: Called Strike
2-2: Ball
3-2: Base on Balls
Francisco Romo to second
Batting: RHB Luis Pineda 0-0: Foul Ball, location: 2F
0-1: SINGLE (Groundball, 6D)
Francisco Romo to third
Roy Powell to second
Batting: RHB António Nevárez 0-0: Called Strike
0-1: Ball
1-1: GRAND SLAM HOME RUN (Line Drive, 7D), Distance : 394 ft
Batting: LHB Salvador López 0-0: Ball
1-0: Ball
2-0: Called Strike
2-1: Foul Ball, location: 2F
2-2: Foul Ball, location: 2F
2-2: Foul Ball, location: 2F
2-2: Foul Ball, location: 2F
2-2: Ground out 3-1 (Groundball, 34)
Batting: LHB Amlak Saitoti 0-0: Ball
1-0: SINGLE (Line Drive, 3L)
Batting: RHB Pedro Castro 0-0: Ball
1-0: Ball
2-0: Foul Ball, location: 2F
2-1: Ball
3-1: Swinging Strike
3-2: Base on Balls
Amlak Saitoti to second
Batting: RHB Glen MacDonald 0-0: Ball
1-0: Foul Ball, location: 2F
1-1: DOUBLE (Flyball, 8RD)
Amlak Saitoti scores
Pedro Castro to third
Batting: LHB Aaron Thompson 0-0: Ball
1-0: Ball
2-0: Called Strike
2-1: Ball
3-1: Swinging Strike
3-2: Foul Ball, location: 2F
3-2: SINGLE (Flyball, 7S)
Pedro Castro scores
Glen MacDonald to third
Batting: LHB Francisco Romo 0-0: Ball
1-0: Foul Ball, location: 2F
1-1: Foul Ball, location: 2F
1-2: Foul Ball, location: 2F
1-2: Ball
2-2: Ball
Aaron Thompson steals 2nd base
3-2: Foul Ball, location: 2F
3-2: Foul Ball, location: 2F
3-2: SINGLE (Line Drive, 9S)
Glen MacDonald scores
Aaron Thompson to third
Runner from 3rd tries for Home, SAFE, throw made home
Batting: RHB Roy Powell 0-0: SINGLE (Flyball, 7LS)
Francisco Romo to second
Batting: RHB Luis Pineda 0-0: Called Strike
0-1: Called Strike
0-2: Strikes out swinging
Batting: RHB António Nevárez 0-0: SINGLE (Line Drive, 6MD)
Francisco Romo to third
Roy Powell to second
Runner from 3rd tries for Home, SAFE, no throw
Batting: LHB Salvador López 0-0: Swinging Strike
0-1: Fly out, F7 (Flyball, 78S)
Bottom of the 5th over - 9 runs, 9 hits, 0 errors, 2 left on base; Beaverton 1 - Montgomery 9
TOP OF THE 6TH
Beaverton Bronze Souls batting - Pitching for Montgomery Grey Sox : RHP Ramón Méndez
Batting: RHB Pedro Rivera 0-0: Foul Ball, location: 2F
0-1: Called Strike
0-2: Ball
1-2: Ball
2-2: Ground out 6-3 (Groundball, 6)
Batting: LHB Alonso Contreras 0-0: Ball
1-0: Called Strike
1-1: Ball
2-1: Ball
3-1: Base on Balls
Batting: RHB Cameron Irwin 0-0: Foul Ball, location: 2F
0-1: Ball
1-1: Ball
Alonso Contreras steals 2nd base
2-1: Foul Ball, location: 2F
2-2: DOUBLE (Flyball, 78D)
Alonso Contreras scores
Batting: RHB Marshall Gross 0-0: Called Strike
Cameron Irwin steals 3rd base
0-1: Ball
1-1: Ball
2-1: SINGLE (Line Drive, 34D)
Cameron Irwin scores
Pitching: RHP Brent Shirley
Batting: RHB Armando García 0-0: Fly out, F4 (Popup, 4S)
Batting: RHB Vernon Harris 0-0: Ball
1-0: Ball
2-0: Foul Ball, location: 2F
2-1: Foul Ball, location: 2F
2-2: Ball
Marshall Gross steals 2nd base
3-2: SINGLE (Line Drive, 7LM)
Marshall Gross to third
Marshall Gross scores
Batting: RHB Dan Cross 0-0: Ball
1-0: Ball
2-0: Ball
3-0: Called Strike
3-1: Base on Balls
Vernon Harris to second
Batting: RHB Salvador Castro 0-0: Swinging Strike
0-1: Ball
1-1: Swinging Strike
1-2: DOUBLE (Line Drive, 78XD)
Vernon Harris scores
Dan Cross to third
Batting: RHB Robbie Barnes 0-0: SINGLE (Groundball, 56D)
Dan Cross scores
Salvador Castro to third
Runner from 3rd tries for Home, SAFE, no throw
Pitching: RHP Cody Nichols
Batting: RHB Pedro Rivera 0-0: Fielders Choice at 2nd, 6-4 (Groundball, 6)
Top of the 6th over - 6 runs, 5 hits, 0 errors, 1 left on base; Beaverton 7 - Montgomery 9
BOTTOM OF THE 6TH
Montgomery Grey Sox batting - Pitching for Beaverton Bronze Souls : RHP Wilson Díaz
Pitching: RHP Vicente Guillén
Batting: LHB Amlak Saitoti 0-0: Swinging Strike
0-1: Ball
1-1: Bunted foul
1-2: Ball
2-2: Ball
3-2: Base on Balls
Batting: RHB Pedro Castro 0-0: Ball
1-0: Fly out, F7 (Flyball, 78XD)
Batting: RHB Glen MacDonald 0-0: Ball
1-0: Foul Ball, location: 2F
1-1: Ball
2-1: Ball
3-1: Foul Ball, location: 2F
3-2: Base on Balls
Amlak Saitoti to second
Batting: LHB Aaron Thompson 0-0: Ball
1-0: Ball
2-0: Called Strike
2-1: Ball
Amlak Saitoti steals 3rd base
Glen MacDonald to second
3-1: Ground out 5-3 (Groundball, 5L)
Batting: LHB Francisco Romo 0-0: Ball
1-0: Ball
2-0: Ball
3-0: Base on Balls
Batting: RHB Roy Powell 0-0: Called Strike
0-1: Ball
1-1: Foul Ball, location: 2F
1-2: Ball
2-2: GRAND SLAM HOME RUN (Flyball, 7D), Distance : 384 ft
Batting: RHB Luis Pineda 0-0: Ball
1-0: Called Strike
1-1: Ball
2-1: Foul Ball, location: 2F
2-2: Strikes out swinging
Bottom of the 6th over - 4 runs, 1 hit, 0 errors, 0 left on base; Beaverton 7 - Montgomery 13
TOP OF THE 7TH
Beaverton Bronze Souls batting - Pitching for Montgomery Grey Sox : RHP Cody Nichols
Batting: LHB Alonso Contreras 0-0: Ball
1-0: Swinging Strike
1-1: Foul Ball, location: 2F
1-2: Strikes out swinging
Batting: RHB Cameron Irwin 0-0: Swinging Strike
0-1: Ball
1-1: Called Strike
1-2: Strikes out swinging
Batting: RHB Marshall Gross 0-0: Called Strike
0-1: Fly out, F8 (Flyball, 8LD)
Top of the 7th over - 0 runs, 0 hits, 0 errors, 0 left on base; Beaverton 7 - Montgomery 13
BOTTOM OF THE 7TH
Montgomery Grey Sox batting - Pitching for Beaverton Bronze Souls : RHP Vicente Guillén
Batting: RHB António Nevárez 0-0: Called Strike
0-1: Ball
1-1: Fly out, F9 (Line Drive, 9D)
Batting: LHB Salvador López 0-0: Ball
1-0: Foul Ball, location: 2F
1-1: Ball
2-1: Ball
3-1: Called Strike
3-2: Foul Ball, location: 2F
3-2: Strikes out swinging
Batting: LHB Amlak Saitoti 0-0: Foul Ball, location: 2F
0-1: Ball
1-1: Ball
2-1: Ball
3-1: Foul Ball, location: 2F
3-2: Strikes out looking
Bottom of the 7th over - 0 runs, 0 hits, 0 errors, 0 left on base; Beaverton 7 - Montgomery 13
TOP OF THE 8TH
Beaverton Bronze Souls batting - Pitching for Montgomery Grey Sox : RHP Cody Nichols
Batting: RHB Armando García 0-0: Ball
1-0: Called Strike
1-1: Foul Ball, location: 2F
1-2: Strikes out looking
Batting: RHB Vernon Harris 0-0: Foul Ball, location: 2F
0-1: Swinging Strike
0-2: Strikes out swinging
Batting: RHB Dan Cross 0-0: Ball
1-0: Ground out 6-3 (Groundball, 6)
Top of the 8th over - 0 runs, 0 hits, 0 errors, 0 left on base; Beaverton 7 - Montgomery 13
BOTTOM OF THE 8TH
Montgomery Grey Sox batting - Pitching for Beaverton Bronze Souls : RHP Vicente Guillén
Batting: RHB Pedro Castro 0-0: Fly out, F7 (Line Drive, 7)
Batting: RHB Glen MacDonald 0-0: Called Strike
0-1: Ball
1-1: Foul Ball, location: 2F
1-2: Strikes out swinging, 2-3 out at first.
Batting: LHB Aaron Thompson 0-0: Ball
1-0: Fly out, F8 (Flyball, 8LD)
Bottom of the 8th over - 0 runs, 0 hits, 0 errors, 0 left on base; Beaverton 7 - Montgomery 13
TOP OF THE 9TH
Beaverton Bronze Souls batting - Pitching for Montgomery Grey Sox : RHP Cody Nichols
Now at C: Ben White
Batting: RHB Salvador Castro 0-0: Called Strike
0-1: Fly out, F5 (Line Drive, 5)
Batting: RHB Robbie Barnes 0-0: Ball
1-0: Ground out 1-3 (Groundball, 13S)
Batting: RHB Pedro Rivera 0-0: Ball
1-0: Called Strike
1-1: Foul Ball, location: 2F
1-2: Ball
2-2: Foul Ball, location: 2F
2-2: Strikes out swinging
Top of the 9th over - 0 runs, 0 hits, 0 errors, 0 left on base; Beaverton 7 - Montgomery 13
Saturday, December 16th, 2017 - OOTP Baseball 18.8 Build 76